Map: Overgrown Facility

Players

PureLegacy - Winner!

  • Race: Terran Terran
  • Spawn Location: 1:00

pepitocuy - Winner!

  • Race: Terran Terran
  • Spawn Location: 3:00

Lancer

  • Race: Terran Terran
  • League: Diamond
  • Spawn Location: 7:00

Maru

  • Race: Terran Terran
  • Spawn Location: 9:00

VOD

Have the link to the VOD?

Description

Time

  • Played on: Nov. 22, 2018, 7:41 a.m.
  • Length: 3:51
Show
View Real Time Build Order
Export as new Build Order

PureLegacy Terran - Winner!

Build Orders:  

Get SALT Encoding   

  12  0:01  SCV  
  13  0:13  SCV  
  14  0:18  Supply Depot  
  14  0:25  SCV  
  15  0:30  Refinery  
  15  0:40  SCV  
  16  0:46  Barracks  
  16  0:52  SCV  
  17  1:03  Barracks  
  17  1:17  Barracks  
  17  1:21  SCV  
  18  1:33  Reaper  
  19  1:41  Orbital Command  
  19  1:47  Refinery  
  19  1:51  Reaper  
  20  2:03  Supply Depot  
  20  2:04  Reaper  
  21  2:09  Reaper  
  23  2:15  SCV  
  23  2:25  Reaper  
  23  2:29  Supply Depot  
  24  2:35  SCV  
  24  2:36  Reaper  
  26  2:43  Reaper  
  27  2:57  Reaper, SCV  
  29  3:08  Reaper  
  30  3:16  Reaper  
  31  3:20  Command Center  
  31  3:21  SCV  
  32  3:38  SCV  
Show
View Real Time Build Order
Export as new Build Order

pepitocuy Terran - Winner!

Build Orders:  

Get SALT Encoding   

  12  0:01  SCV  
  13  0:14  SCV  
  14  0:22  Supply Depot  
  14  0:26  SCV  
  15  0:43  SCV  
  15  0:46  Barracks  
  16  0:50  Refinery  
  16  0:55  SCV  
  17  1:04  Refinery  
  17  1:08  SCV  
  18  1:20  SCV  
  19  1:28  Supply Depot  
  19  1:32  Orbital Command  
  19  1:34  Marine  
  20  1:52  Marine  
  20  1:53  Factory  
  21  1:59  SCV  
  22  2:11  SCV, Barracks Tech Lab  
  23  2:23  SCV  
  24  2:35  Marine  
  25  2:37  Command Center  
  25  2:42  Factory Tech Lab  
  25  2:49  SCV  
  26  2:52  Marine  
  27  3:01  Supply Depot, SCV  
  28  3:10  Marine  
  29  3:13  SCV  
  30  3:25  Starport  
  33  3:28  Marine  
Show
View Real Time Build Order
Export as new Build Order

Lancer Terran 

Build Orders: Reaper Expand 

Get SALT Encoding   

  12  0:00  SCV  
  13  0:12  SCV  
  14  0:18  Supply Depot  
  14  0:24  SCV  
  15  0:39  Refinery  
  15  0:40  SCV  
  16  0:45  Barracks  
  16  0:52  SCV  
  17  1:04  SCV  
  18  1:16  SCV  
  19  1:33  Orbital Command, Reaper  
  20  1:45  Command Center  
  20  1:58  SCV  
  20  2:00  Factory  
  21  2:04  Refinery  
  21  2:11  Supply Depot  
  21  2:17  SCV  
  21  2:18  Barracks Reactor  
  22  2:29  SCV  
  23  2:41  SCV  
  24  2:53  Hellion, Starport, SCV  
  24  2:58  SCV  
  28  2:59  Marine x2  
  30  3:05  SCV  
  30  3:10  SCV  
  31  3:18  SCV  
  32  3:20  Marine x2  
  32  3:22  SCV  
  35  3:32  SCV  
  34  3:34  SCV  
Show
View Real Time Build Order
Export as new Build Order

Maru Terran 

Build Orders:  

Get SALT Encoding   

  12  0:00  SCV  
  13  0:13  SCV  
  14  0:18  Supply Depot  
  14  0:25  SCV  
  15  0:40  SCV  
  16  0:43  Barracks  
  16  0:47  Refinery  
  16  0:52  SCV  
  17  1:04  SCV  
  18  1:16  SCV  
  19  1:30  Orbital Command  
  19  1:32  Reaper  
  20  1:58  Supply Depot  
  20  2:00  SCV  
  21  2:03  Command Center  
  21  2:24  SCV  
  21  2:29  Factory  
  22  2:30  Supply Depot  
  22  2:36  SCV  
  22  2:48  Reaper  
  23  2:56  SCV  
  23  3:08  SCV  
  23  3:17  Hellion  
Tags
 
Add a new tag
Caveats
  • Supply blocks, unpowered buildings, or Contaminate may cause inaccurate times.
  • Supply counts are checked every 10 seconds.